 Dungeon Sprint DCSS version 0.20.1-1-g8b1a95d (webtiles) character file.

3674 suicidejoker the Unseen (level 10, -6/75 HPs)
             Began as an Octopode Assassin on Aug 24, 2017.
             Was a High Priest of Dithmenos.
             Mangled by an unseen horror (7 damage)
             ... in the Dungeon (Sprint III: "The Ten Rune Challenge").
             The game lasted 00:08:50 (824 turns).

suicidejoker the Unseen (Octopode Assassin)          Turns: 824, Time: 00:08:51

Health: -6/75      AC:  5    Str: 20    XL:     10   Next: 13%
Magic:  10/10      EV: 18    Int: 13    God:    Dithmenos [*****.]
Gold:   3024       SH:  0    Dex: 11    Spells: 9/9 levels left

rFire    + . .     SeeInvis .   a - +2 dagger
rCold    + . .     Gourm    .   (no shield)
rNeg     . . .     Faith    .   (helmet restricted)
rPois    +         Spirit   .   (no amulet)
rElec    +         Reflect  .   (no ring)
rCorr    +         Harm     .   (no ring)
MR       .....     NoTele   +   (no ring)
Stlth    ++++++++++             (no ring)
Regen    0.3/turn               (no ring)
MPRegen  0.2/turn               (no ring)
                                (no ring)
                                (no ring)

@: mighty, resistant, very slightly contaminated, wreathed by umbra
A: almost no armour, stealthy swim, amphibious, 8 rings, constrict 8, tentacle
spike 1, icy blue scales 1, slimy green scales 1, camouflage 2, clumsy 1,
gelatinous body 1
a: Shadow Step, Shadow Form, Renounce Religion


You were in the Dungeon.
You worshipped Dithmenos.
Dithmenos was extremely pleased with you.
You were not hungry.

You visited 1 branch You collected 3024 gold pieces.

Inventory:

Hand Weapons
 a - a +2 dagger (weapon)
 b - a +0 blowgun
Missiles
 c - 8 poisoned needles
 d - 2 curare-tipped needles
Wands
 v - a wand of flame (26/48)
Scrolls
 m - a scroll of holy word {unknown}
 n - 4 scrolls of identify
 o - 2 scrolls of remove curse
 r - 3 scrolls of immolation {unknown}
Potions
 i - 2 potions of magic
 q - a potion of resistance
 t - 2 potions of flight
Comestibles
 f - a bread ration
 p - a meat ration
 s - 2 royal jellies


   Skills:
 * Level 9.7 Fighting
 * Level 13.2 Short Blades
 - Level 2.0 Throwing
 * Level 9.6 Dodging
 + Level 18.2 Stealth
 * Level 0.0 Invocations


You had 9 spell levels left.
You didn't know any spells.

Dungeon Overview and Level Annotations

Branches:
Dungeon (1/1)

Altars:
Cheibriados
Dithmenos
Elyvilon
Fedhas
Gozag
Hepliaklqana
Makhleb
Nemelex Xobeh
Okawaru
Qazlal
Ru
Trog
Uskayaw
Xom
Yredelemnul
Zin
The Shining One
Beogh
Jiyva
Lugonu

Shops:
D !


Innate Abilities, Weirdness & Mutations

You cannot wear most types of armour.
You are very stealthy in the water. (Stealth+)
You are amphibious.
You can wear up to eight rings at the same time.
You can use your tentacles to constrict eight enemies at once.
Your skin blends seamlessly with your surroundings (Stealth++).
Your rubbery body absorbs attacks. (AC +1, EV +1)
One of your tentacles bears a spike.
You are partially covered in icy blue scales. (AC +2)
You are partially covered in slimy green scales. (AC +2)
You are clumsy. (Dex -2)


Message History

Something hits you but does no damage.
You feel very mighty all of a sudden. Something hits you.
* * * LOW HITPOINT WARNING * * *
Something hits you but does no damage. Something hits you.
* * * LOW HITPOINT WARNING * * *
Okay, then.
Blink to where?
Press: ? - help, Dir - move target cursor You are very lightly contaminated with residual magic.
As you read the scroll of blinking, it crumbles to dust.
There's something blocking the doorway.
Something hits you.
* * * LOW HITPOINT WARNING * * *
Okay, then.
Okay, then.
Evoke which item? (* to show all) (? for menu, Esc to quit)
Okay, then.
Something hits you!
You die...

..#._)#._#.........##.#.ee#
#'#'###'##))).....## #e..≈
.........#)))......# .ee#
⌠........#)#∩###.#.# ..#
..######'#)##.##..## ##
⌠.#__#...#'#####################
..#__#...#.§≈§§'.#)(...'.#.#.#.+
###__#...#.#§≈≈#.#.#)..##§#.#.##
#__#...'(#.§.#@#.#...#.#.#.#.#
#__'...#.#.§§#...#...##.#.#.##
▓▓▓▓▓▓▓▓▓▓▓▓▓▓▓▓▓▓▓▓▓#.#.#.#.#
##.#.#.## +.#.#.#.# ##.#.#.##
#+#####


There were no monsters in sight!

Vanquished Creatures
  Josephine (D)
  A centaur warrior (D)
  A deep elf mage (D)
  2 orc sorcerers (D)
  A shadow (D)
  A spatial vortex (D)
  An orc warrior (D)
  A necrophage (D)
  2 centaurs (D)
  An earth elemental (D)
  A water elemental (D)
  A jelly (D)
  An orc priest (D)
  Jessica (D)
  An orc wizard (D)
  A necromancer (D)
  3 humans (D)
  A wolf (D)
  2 oozes (D)
  11 orcs (D)
  A rat (D)
36 creatures vanquished.

Vanquished Creatures (collateral kills)
  An orc (D)
1 creature vanquished.

Vanquished Creatures (others)
  2 draconian scorchers (D)
  6 hellions (D)
  A yaktaur (D)
  An orc (D)
10 creatures vanquished.

Grand Total: 47 creatures vanquished

Notes
Turn   | Place    | Note
-------+----------+-------------------------------------------
     0 | D        | suicidejoker the Octopode Assassin began the quest for the Orb.
     0 | D        | Reached XP level 1. HP: 14/14 MP: 1/1
     7 | D        | Reached skill level 6 in Stealth
     7 | D        | Reached XP level 2. HP: 20/20 MP: 2/2
    11 | D        | Noticed Jessica
    15 | D        | Killed Jessica
    15 | D        | Reached skill level 7 in Stealth
    15 | D        | Reached XP level 3. HP: 26/26 MP: 3/3
    43 | D        | Reached skill level 8 in Stealth
    43 | D        | Reached XP level 4. HP: 32/32 MP: 4/4
    44 | D        | Killed a yaktaur
    70 | D        | Noticed a water elemental
    73 | D        | Killed a water elemental
    73 | D        | Reached skill level 9 in Stealth
    73 | D        | Reached XP level 5. HP: 37/37 MP: 5/5
    77 | D        | Found a glowing silver altar of Zin.
    77 | D        | Found a glowing golden altar of the Shining One.
    77 | D        | Found a white marble altar of Elyvilon.
    78 | D        | Noticed a deep elf mage
    80 | D        | Killed a deep elf mage
    80 | D        | Reached skill level 13 in Stealth
    80 | D        | Reached XP level 6. HP: 47/47 MP: 6/6
    80 | D        | Reached XP level 7. HP: 53/53 MP: 7/7
    89 | D        | Found a roughly hewn altar of Beogh.
    89 | D        | Found an iron altar of Okawaru.
    89 | D        | Found a bloodstained altar of Trog.
    89 | D        | Found a hide-covered altar of Uskayaw.
    89 | D        | Noticed a human
    89 | D        | Noticed a human
    92 | D        | Killed a human
    93 | D        | Killed a human
    93 | D        | Reached skill level 10 in Short Blades
    93 | D        | Reached skill level 14 in Stealth
   106 | D        | Found a basalt altar of Yredelemnul.
   106 | D        | Found a shadowy altar of Dithmenos.
   106 | D        | Found a sacrificial altar of Ru.
   108 | D        | Reached XP level 8. HP: 60/60 MP: 8/8
   114 | D        | Killed a hellion
   116 | D        | Killed a hellion
   121 | D        | Noticed a shadow
   123 | D        | Killed a shadow
   131 | D        | Found a blossoming altar of Fedhas.
   131 | D        | Found a stormy altar of Qazlal.
   131 | D        | Found a snail-covered altar of Cheibriados.
   131 | D        | Found a burning altar of Makhleb.
   131 | D        | Found a shimmering altar of Xom.
   132 | D        | Found a hazy altar of Hepliaklqana.
   132 | D        | Found an opulent altar of Gozag.
   132 | D        | Found a sparkling altar of Nemelex Xobeh.
   132 | D        | Found a corrupted altar of Lugonu.
   132 | D        | Found a viscous altar of Jiyva.
   142 | D        | Killed a hellion
   153 | D        | Reached skill level 15 in Stealth
   181 | D        | Killed a hellion
   216 | D        | Killed a hellion
   223 | D        | Killed a white draconian scorcher
   249 | D        | Killed a white draconian scorcher
   340 | D        | Killed a hellion
   363 | D        | Became a worshipper of Dithmenos the Shadowed
   377 | D        | Noticed Josephine
   379 | D        | Killed Josephine
   379 | D        | Reached skill level 16 in Stealth
   379 | D        | Reached XP level 9. HP: 67/67 MP: 9/9
   385 | D        | Noticed an orc sorcerer
   420 | D        | Noticed a hellwing
   420 | D        | Reached * piety under Dithmenos
   427 | D        | Killed an orc sorcerer
   427 | D        | Reached ** piety under Dithmenos
   432 | D        | Reached *** piety under Dithmenos
   436 | D        | Found Weomois's Distillery.
   436 | D        | Noticed an orc sorcerer
   445 | D        | Reached **** piety under Dithmenos
   462 | D        | Reached skill level 17 in Stealth
   465 | D        | Killed an orc sorcerer
   465 | D        | Reached ***** piety under Dithmenos
   645 | D        | Noticed a deep elf mage
   645 | D        | Noticed a deep elf knight
   645 | D        | Noticed a deep elf mage
   645 | D        | Noticed a deep elf mage
   645 | D        | Noticed a deep elf mage
   672 | D        | Noticed a centaur warrior
   674 | D        | Gained mutation: You are weak. (Str -2) [potion of mutation]
   674 | D        | Gained mutation: Potions are less effective at restoring your health. [potion of mutation]
   674 | D        | Gained mutation: Your mind is acute. (Int +2) [potion of mutation]
   675 | D        | Lost mutation: You are weak. (Str -2) [potion of mutation]
   675 | D        | Lost mutation: Potions are less effective at restoring your health. [potion of mutation]
   675 | D        | Gained mutation: Your skin blends seamlessly with your surroundings (Stealth++). [potion of mutation]
   675 | D        | Gained mutation: You are partially covered in slimy green scales. (AC +2) [potion of mutation]
   689 | D        | Killed a centaur warrior
   689 | D        | Reached skill level 18 in Stealth
   689 | D        | Reached XP level 10. HP: 75/75 MP: 10/10
   744 | D        | Lost mutation: Your mind is acute. (Int +2) [potion of mutation]
   744 | D        | Lost mutation: You are partially covered in slimy green scales. (AC +2) [potion of mutation]
   744 | D        | Gained mutation: You are weak. (Str -2) [potion of mutation]
   744 | D        | Gained mutation: You possess an exceptional clarity of mind. [potion of mutation]
   744 | D        | Gained mutation: You are agile. (Dex +2) [potion of mutation]
   745 | D        | Lost mutation: You are weak. (Str -2) [potion of mutation]
   745 | D        | Lost mutation: You are agile. (Dex +2) [potion of mutation]
   745 | D        | Lost mutation: Your skin blends seamlessly with your surroundings (Stealth++). [potion of mutation]
   745 | D        | Lost mutation: You possess an exceptional clarity of mind. [potion of mutation]
   745 | D        | Gained mutation: You are frail. (-10% HP) [potion of mutation]
   745 | D        | Gained mutation: One of your tentacles bears a spike. [potion of mutation]
   745 | D        | Gained mutation: You are partially covered in slimy green scales. (AC +2) [potion of mutation]
   746 | D        | Lost mutation: One of your tentacles bears a spike. [potion of mutation]
   746 | D        | Lost mutation: You are frail. (-10% HP) [potion of mutation]
   746 | D        | Gained mutation: You are partially covered in icy blue scales. (AC +2) [potion of mutation]
   746 | D        | Gained mutation: Your skin blends seamlessly with your surroundings (Stealth++). [potion of mutation]
   746 | D        | Gained mutation: You are clumsy. (Dex -2) [potion of mutation]
   746 | D        | Gained mutation: One of your tentacles bears a spike. [potion of mutation]
   823 | D        | HP: 1/75 [something (5)]
   824 | D        | Mangled by an unseen horror

Skill      XL: |  1  2  3  4  5  6  7  8  9 |
---------------+----------------------------+-----
Short Blades   | 3 4 6 9 10 11 13 | 13.2
Stealth        | 6 7 8 9 13 14 16 18 | 18.2
Dodging        | 2 3 4 6 7 8 9 |  9.6
Fighting       | 3 4 6 7 8 9 |  9.7
Throwing       | |  2.0

Action                   |  1- 3 |  4- 6 |  7- 9 | 10-12 || total
-------------------------+-------+-------+-------+-------++-------
Melee: Dagger            |     6 |     2 |    77 |    15 ||   100
       Tentacles         |     1 |       |    11 |     2 ||    14
       Constrict         |       |       |     7 |       ||     7
       Kick              |       |       |       |     5 ||     5
Evoke: Box of beasts     |       |       |     2 |       ||     2
  Use: Potion            |       |       |     7 |     6 ||    13
       Scroll            |       |       |       |     1 ||     1
 Stab: Sleeping          |     5 |     2 |     8 |       ||    15
       Invisible         |       |       |     1 |       ||     1
Armor: Skin              |       |       |     2 |     6 ||     8
Dodge: Dodged            |     1 |       |    40 |     5 ||    46
